 Dungeon Crawl Stone Soup version 0.31.0-9-g3a7656b989 (webtiles) character file.

Game seed: 9934599662817334230

11 qw the Shooter (level 2, 0/16 HPs)
             Began as a Deep Elf Hunter on Feb 2, 2024.
             Slain by a jackal (1 damage)
             ... on level 1 of the Dungeon.
             The game lasted 00:00:00 (53 turns).

qw the Shooter (Deep Elf Hunter)                      Turns: 53, Time: 00:00:00

Health: 0/16       AC:  3    Str:  8    XL:     2   Next: 13%
Magic:  4/4        EV: 12    Int: 13    God:
Gold:   0          SH:  0    Dex: 18    Spells: 1/1 levels left

rFire   . . .        a - +0 shortbow
rCold   . . .        (shield currently unavailable)
rNeg    . . .        c - +0 leather armour
rPois   .            (no helmet)
rElec   .            (no cloak)
rCorr   .            (no gloves)
SInv    .            (no boots)
Will    .....        (no amulet)
Stlth   ++           (no ring)
HPRegen 0.22/turn    (no ring)
MPRegen 0.09/turn

%: no passive effects
@: no status effects
A: no striking features
a: no special abilities


You were on level 1 of the Dungeon.
You visited 1 branch of the dungeon, and saw 1 of its levels.


   Skills:
 - Level 1.5 Fighting
 + Level 6.0 Ranged Weapons
 - Level 2.4 Dodging
 - Level 1.2 Stealth


You had one spell level left.
You didn't know any spells.
Your spell library was empty.

Inventory:

Hand Weapons
 a - a +0 shortbow (weapon)
Armour
 c - a +0 leather armour (worn)
Scrolls
 b - a scroll of butterflies

Dungeon Overview and Level Annotations

Branches:
Dungeon (1/15)

Altars:


Message History

The jackal bites you.
You have reached level 2!
You shoot an arrow. The arrow hits the hobgoblin.
The hobgoblin is almost dead.
The hobgoblin hits you but does no damage.
The jackal barely misses you. The hobgoblin closely misses you.
You shoot an arrow.
The arrow hits the hobgoblin but does no damage.
The hobgoblin is almost dead.
The jackal misses you. The jackal bites you. The hobgoblin closely misses you.
You shoot an arrow. The arrow closely misses the hobgoblin.
The jackal bites you but does no damage.
A jackal comes into view.
The hobgoblin barely misses you.
You shoot an arrow. The arrow barely misses the hobgoblin.
The jackal barely misses you. The hobgoblin hits you. The jackal misses you.
You shoot an arrow. The arrow hits the hobgoblin.
You kill the hobgoblin!
The jackal bites you. The jackal closely misses you.
Your Ranged Weapons skill increases to level 6!
You shoot an arrow. The arrow barely misses the jackal.
The jackal barely misses you. x2; The jackal closely misses you.
You shoot an arrow. The arrow closely misses the jackal.
The jackal barely misses you. The jackal closely misses you.
The jackal misses you.
You shoot an arrow. The arrow barely misses the jackal.
The jackal closely misses you. The jackal bites you.
The jackal barely misses you.
You shoot an arrow. The arrow barely misses the jackal.
The jackal bites you. The jackal misses you. The jackal bites you.
The jackal bites you but does no damage.
You shoot an arrow. The arrow barely misses the jackal.
The jackal bites you. The jackal closely misses you.
The jackal bites you but does no damage.
You shoot an arrow. The arrow hits the jackal!
You kill the jackal!
The jackal barely misses you.
You shoot an arrow. The arrow barely misses the jackal.
The jackal bites you.
You die...

#.. .. #.. #..
#?. ... #.)
..#.#
#..###.#.#
#####..)....#.r
.......r..gh.#
#...hh#
###.###@# ...
#.# #.###.#
#.....##.#
###.....#
#.####.# ##.#
.. ##..# .#
#..## ..


You could see a quokka and 2 jackals.

Vanquished Creatures
  A goblin (D:1)
  A hobgoblin (D:1)
  2 jackals (D:1)
  2 kobolds (D:1)
  2 quokkas (D:1)
  A bat (D:1)
9 creatures vanquished.

Notes
Turn   | Place    | Note
-------+----------+-------------------------------------------
     0 | D:1      | qw the Deep Elf Hunter began the quest for the Orb.
     0 | D:1      | Reached XP level 1. HP: 12/12 MP: 3/3
     0 | D:1      | 0 ||| qw: Version: 0.3-a-155-g5e7d8dd
     0 | D:1      | 0 ||| qw: Game counter: 2389
     0 | D:1      | 0 ||| qw: Melee chars always use a shield: true
     0 | D:1      | 0 ||| qw: God list: Okawaru
     0 | D:1      | 0 ||| qw: Allow faded altars: false
     0 | D:1      | 0 ||| qw: Do Orc after clearing Dungeon:15 true
     0 | D:1      | 0 ||| qw: Do second Lair branch before Depths: true
     0 | D:1      | 0 ||| qw: Lair rune preference: random
     0 | D:1      | 0 ||| qw: Goals: Normal
     0 | D:1      | 0 ||| PLANNING D:1-11
    36 | D:1      | 36 ||| RETREEEEATING.
    42 | D:1      | Reached XP level 2. HP: 10/16 MP: 4/4
    47 | D:1      | Reached skill level 6 in Ranged Weapons
    50 | D:1      | HP: 2/16 [jackal (3)]
    53 | D:1      | Slain by a jackal

Levels and vault maps discovered:
D:1:      saegor_arrival_miasma, layout_loops_ring, minmay_tiny_reverse_x

Skill      XL: |  1  2 |
---------------+-------+-----
Ranged Weapons | 6 |  6.0
Fighting       | |  1.5
Dodging        | |  2.4
Stealth        | |  1.2

Action                     || total
---------------------------++-------
   Fire: Shortbow          ||    34
 Armour: Leather armour    ||    22
  Dodge: Dodged            ||    26

Table legend:
 A = Non-vault XP
 B = Vault XP
 C = Vault XP percentage of total XP
 D = Non-vault monster count
 E = Vault monster count
 F = Vault count percentage of total count
                 A         B        C        D         E       F
            +---------+---------+-------+---------+---------+-------
      Total |      12 |       4 |  25.0 |       7 |       2 |  22.2
            +---------+---------+-------+---------+---------+-------
        D:1 |      12 |       4 |  25.0 |       7 |       2 |  22.2
            +---------+---------+-------+---------+---------+-------
